Map: [ESL] Site Delta

Players

Lambo - Winner!

  • Race: Zerg Zerg
  • Spawn Location: 11:00

PtitDrogo

  • Race: Protoss Protoss
  • Spawn Location: 5:00

Event: ESL SC2 Masters 2024 Spring (Regional)

VOD

Have the link to the VOD?

Description

Time

  • Played on: April 11, 2024, 11:24 a.m.
  • Length: 18:15

All games in this series

Show
View Real Time Build Order
Export as new Build Order

Lambo Zerg - Winner!

Build Orders: Hatch First, Brood Lord Corruptor 

Get SALT Encoding   

  12  0:00  Drone  
  13  0:12  Overlord  
  13  0:17  Drone  
  14  0:31  Drone x2  
  16  0:41  Drone  
  17  0:51  Hatchery  
  17  0:54  Drone  
  17  0:57  Drone  
  18  1:08  Extractor  
  17  1:14  Spawning Pool  
  17  1:16  Drone  
  17  1:19  Drone  
  18  1:28  Drone  
  19  1:39  Drone  
  20  1:50  Overlord  
  20  2:00  Queen  
  22  2:02  Queen  
  22  2:03  Zergling x2, Drone  
  26  2:09  Metabolic Boost  
  26  2:11  Drone  
  26  2:13  Drone  
  28  2:21  Zergling x2  
  29  2:24  Drone  
  30  2:32  Drone  
  31  2:40  Hatchery  
  31  2:44  Drone  
  31  2:47  Queen  
  31  2:49  Overlord  
  33  2:54  Drone  
  35  3:05  Drone  
  35  3:07  Overlord  
  35  3:08  Queen  
  35  3:10  Drone x2  
  39  3:13  Drone x2  
  39  3:15  Drone  
  39  3:18  Zergling x2  
  39  3:19  Zergling x2  
  44  3:25  Queen  
  46  3:27  Zergling x2  
  46  3:29  Zergling x2  
  46  3:32  Drone x2  
  50  3:39  Overlord  
  50  3:44  Overlord  
  50  3:57  Overlord, Queen  
  50  3:58  Drone x6  
  58  4:03  Drone x3  
  58  4:06  Queen  
  63  4:13  Spore Crawler x2  
  63  4:14  Drone  
  63  4:15  Drone  
  61  4:18  Drone x2  
  61  4:19  Drone  
  61  4:22  Overlord  
  64  4:25  Spore Crawler  
  59  4:31  Drone x4  
  59  4:37  Drone x3  
  65  4:41  Roach Warren, Drone  
  65  4:49  Zergling x8  
  68  4:56  Zergling x4  
  68  4:57  Drone x3  
  73  5:01  Lair  
  73  5:03  Extractor  
  73  5:04  Extractor  
  71  5:09  Drone x5  
  71  5:10  Drone x3  
  77  5:17  Drone  
  77  5:20  Drone x2  
  80  5:22  Overlord  
  80  5:24  Overlord x2, Extractor  
  76  5:37  Drone x6  
  76  5:42  Extractor  
  80  5:44  Drone x4  
  80  5:48  Zergling x4  
  80  5:49  Extractor  
  85  5:50  Drone, Hatchery  
  85  5:52  Evolution Chamber  
  85  5:53  Overlord, Drone  
  85  5:58  Drone  
  85  6:02  Glial Reconstitution, Spire  
  84  6:05  Overlord  
  84  6:10  Drone x3  
  87  6:13  Baneling Nest  
  87  6:15  Zergling x10  
  87  6:18  Overlord, Zerg Missile Weapons Level 1  
  91  6:21  Overlord  
  91  6:24  Overseer  
  91  6:25  Overlord  
  91  6:30  Drone x7  
  97  6:35  Drone  
  97  6:37  Drone x3  
  97  6:38  Extractor  
  101  6:40  Drone  
  101  6:54  Roach x7  
  101  6:58  Centrifugal Hooks  
  115  7:07  Drone x3  
  118  7:09  Overseer  
  115  7:26  Overseer  
  106  7:34  Mutalisk x9  
  124  7:39  Drone x9  
  124  7:41  Mutalisk  
  124  7:42  Spore Crawler  
  134  7:45  Drone x3  
  134  7:50  Drone x3  
  140  7:57  Spore Crawler  
  139  8:01  Roach x6  
  151  8:10  Overlord  
  151  8:12  Zerg Melee Weapons Level 1  
  151  8:13  Overlord  
  151  8:15  Overlord x2  
  151  8:16  Hatchery  
  151  8:17  Overlord, Zerg Flyer Weapons Level 1  
  151  8:18  Overlord, Infestation Pit  
  151  8:19  Drone x3  
  152  8:21  Overlord  
  152  8:22  Overlord  
  152  8:24  Overlord  
  152  8:26  Overlord  
  151  8:33  Overlord  
  151  8:35  Overlord  
  151  8:37  Roach x6  
  151  8:38  Drone  
  162  8:46  Zergling x2, Roach x6  
  174  8:53  Roach  
  174  8:54  Roach x4  
  182  8:58  Hive  
  182  9:02  Extractor  
  181  9:06  Spine Crawler, Drone x3  
  181  9:07  Ravager x2  
  181  9:08  Zergling x12  
  181  9:09  Zergling x2  
  192  9:17  Zergling x2, Roach  
  195  9:23  Spine Crawler  
  194  9:28  Baneling x11  
  194  9:29  Baneling x3  
  194  9:33  Zergling x10  
  194  9:34  Baneling x11  
  199  9:38  Evolution Chamber  
  198  9:50  Zergling x6  
  193  10:09  Spine Crawler, Drone  
  193  10:10  Zergling x18, Spine Crawler x2  
  193  10:11  Zergling x2, Spine Crawler  
  196  10:14  Greater Spire, Adrenal Glands  
  196  10:17  Zergling x18  
  197  10:24  Zergling x2  
  197  10:25  Zergling x10  
  197  10:27  Overseer  
  197  10:28  Pneumatized Carapace  
  197  10:31  Zerg Melee Weapons Level 2, Zerg Missile Weapons Level 2  
  197  10:33  Spine Crawler  
  196  10:39  Drone x2  
  196  10:40  Corruptor  
  200  10:50  Spine Crawler  
  200  10:51  Spore Crawler  
  200  10:53  Corruptor  
  196  10:57  Zergling x2  
  196  10:58  Zergling x10  
  196  11:02  Corruptor  
  199  11:06  Corruptor x2  
  199  11:19  Overseer  
  178  11:41  Zergling x2, Brood Lord x5  
  178  11:42  Zergling x42  
  192  11:48  Zergling x18  
  192  11:51  Zerg Flyer Weapons Level 2  
  199  12:08  Baneling x11, Extractor  
  198  12:11  Extractor  
  193  12:26  Baneling x8  
  193  12:29  Zergling x14  
  199  12:34  Zergling x18  
  199  12:35  Corruptor  
  184  12:46  Corruptor x2  
  184  12:47  Corruptor x4  
  186  13:01  Zergling x44  
  176  13:09  Zerg Missile Weapons Level 3  
  176  13:10  Hydralisk Den  
  176  13:11  Brood Lord  
  154  13:14  Zergling x16  
  160  13:26  Brood Lord x3  
  163  13:29  Brood Lord  
  152  13:35  Brood Lord  
  157  13:41  Roach x2  
  157  13:45  Roach  
  156  13:51  Zergling x14  
  153  13:57  Roach x3  
  158  14:06  Roach x6  
  170  14:12  Spine Crawler  
  170  14:15  Roach x3, Infestor  
  177  14:20  Lurker Den, Infestor  
  178  14:24  Drone x2  
  178  14:25  Drone x2  
  178  14:26  Drone  
  178  14:30  Queen  
  185  14:32  Roach  
  185  14:37  Roach x2  
  191  14:43  Roach x4  
  190  14:47  Zergling x4  
  190  14:52  Overseer x2  
  176  14:56  Roach x4  
  176  14:57  Ravager  
  176  14:58  Ravager  
  176  14:59  Ravager x2  
  188  15:02  Ravager x4  
  188  15:04  Ravager  
  191  15:13  Overseer  
  189  15:29  Zergling x6  
  189  15:39  Zergling x8  
  170  15:51  Zergling x26  
  168  16:01  Roach  
  168  16:02  Roach  
  164  16:05  Roach x3  
  164  16:07  Ravager x2  
  164  16:08  Ravager x9  
  164  16:11  Hydralisk  
  181  16:16  Hydralisk x3  
  187  16:23  Hydralisk x3  
  183  16:36  Roach x4  
  183  16:39  Overseer  
  173  16:45  Overseer x4  
  158  16:49  Hydralisk  
  158  16:50  Hydralisk  
  151  17:01  Overseer x4  
  151  17:03  Roach x4  
  146  17:17  Roach  
  146  17:18  Roach x3  
  151  17:29  Roach x3  
  156  17:39  Hydralisk  
  144  17:46  Hydralisk  
  141  17:57  Overseer  
Show
View Real Time Build Order
Export as new Build Order

PtitDrogo Protoss 

Build Orders: 1 Gate Expand, Oracle Opening, Zealot Archon 

Get SALT Encoding   

  12  0:00  Probe  
  13  0:12  Probe  
  14  0:20  Pylon  
  14  0:24  Probe  
  15  0:38  Probe (Chrono Boost)  
  15  0:39  Gateway  
  16  0:47  Probe (Chrono Boost)  
  16  0:49  Assimilator  
  17  0:52  Probe (Chrono Boost)  
  18  1:04  Probe  
  19  1:16  Probe  
  20  1:25  Nexus  
  20  1:36  Cybernetics Core  
  20  1:39  Probe  
  21  1:45  Assimilator  
  21  1:51  Probe  
  22  1:55  Pylon  
  22  2:03  Probe  
  23  2:11  Adept (Chrono Boost)  
  23  2:15  Probe  
  26  2:19  Stargate  
  26  2:26  Warp Gate  
  26  2:27  Probe  
  27  2:33  Adept  
  29  2:38  Probe (Chrono Boost)  
  31  2:45  Probe (Chrono Boost)  
  31  2:48  Probe (Chrono Boost)  
  32  2:53  Probe x2 (Chrono Boost)  
  34  3:03  Probe  
  39  3:06  Void Ray (Chrono Boost), Probe  
  40  3:14  Pylon  
  40  3:16  Probe  
  40  3:18  Probe  
  42  3:28  Probe, Gateway  
  42  3:31  Probe  
  42  3:34  Oracle (Chrono Boost)  
  44  3:40  Probe  
  48  3:43  Probe  
  49  3:52  Probe  
  49  3:55  Probe  
  51  3:57  Nexus  
  51  3:58  Pylon  
  51  4:04  Probe  
  51  4:07  Probe  
  51  4:09  Pylon  
  53  4:10  Assimilator  
  53  4:12  Assimilator  
  53  4:19  Adept  
  53  4:20  Probe  
  56  4:24  Adept  
  56  4:27  Probe  
  59  4:32  Probe  
  60  4:39  Probe  
  60  4:44  Twilight Council, Forge, Probe  
  60  4:45  Robotics Facility  
  58  4:51  Probe (Chrono Boost)  
  59  4:56  Probe (Chrono Boost)  
  60  5:03  Probe (Chrono Boost)  
  60  5:04  Gateway  
  60  5:05  Gateway  
  62  5:08  Probe (Chrono Boost)  
  62  5:11  Probe (Chrono Boost)  
  62  5:14  Probe x2 (Chrono Boost)  
  62  5:17  Protoss Ground Weapons Level 1 (Chrono Boost)  
  62  5:21  Charge  
  63  5:24  Dark Shrine, Probe x2 (Chrono Boost)  
  63  5:25  Templar Archives  
  63  5:26  Probe (Chrono Boost)  
  63  5:28  Probe (Chrono Boost), Shield Battery  
  65  5:30  Zealot x2, Probe  
  65  5:34  Probe  
  68  5:35  Observer (Chrono Boost)  
  68  5:39  Probe  
  68  5:42  Pylon, Probe  
  70  5:46  Gateway x2  
  70  5:47  Probe  
  70  5:49  Assimilator  
  71  5:51  Probe  
  71  5:52  Assimilator  
  71  5:54  Immortal (Chrono Boost)  
  72  6:03  Probe x2  
  78  6:06  Probe  
  78  6:10  Pylon, Gateway  
  79  6:13  Gateway  
  79  6:17  Zealot x2  
  83  6:20  High Templar x2  
  87  6:30  Probe  
  88  6:39  Gateway, Dark Templar x2  
  92  6:41  Gateway  
  92  6:43  Dark Templar x2  
  92  6:47  Psionic Storm  
  96  6:49  Phoenix (Chrono Boost)  
  96  6:52  Pylon  
  96  6:53  Pylon  
  98  7:03  Photon Cannon, Probe  
  98  7:06  Nexus  
  99  7:21  Immortal (Chrono Boost), Probe  
  102  7:25  Zealot x4, High Templar x2  
  116  7:31  Photon Cannon  
  116  7:32  Pylon  
  116  7:35  Protoss Ground Weapons Level 2 (Chrono Boost)  
  114  7:37  Pylon  
  114  7:40  Pylon, Probe  
  114  7:41  Photon Cannon x2  
  115  7:46  High Templar  
  115  7:47  Archon  
  117  7:52  Probe  
  117  7:57  Immortal (Chrono Boost)  
  117  7:58  Photon Cannon  
  118  8:01  Shield Battery  
  122  8:07  Shield Battery, Probe  
  122  8:09  Probe x2  
  122  8:11  High Templar x2  
  122  8:12  Zealot x4  
  137  8:15  Archon  
  137  8:19  Probe  
  138  8:20  Dark Templar  
  138  8:21  Probe x3  
  138  8:24  Archon  
  143  8:28  Stalker x3  
  143  8:31  Probe  
  143  8:33  Stalker x2  
  148  8:35  Stalker  
  148  8:40  Stalker  
  148  8:44  Probe  
  148  8:48  Phoenix (Chrono Boost)  
  148  8:57  Probe  
  148  9:00  Probe x2  
  148  9:01  Probe  
  152  9:03  Pylon x2  
  152  9:04  Assimilator  
  152  9:05  Pylon, Assimilator  
  152  9:09  Probe  
  153  9:13  High Templar  
  153  9:16  Pylon  
  155  9:17  Pylon, Blink (Chrono Boost)  
  155  9:19  Pylon  
  155  9:20  Pylon  
  155  9:22  Pylon, Probe  
  155  9:23  Probe  
  157  9:27  Gateway  
  157  9:29  Pylon  
  157  9:30  High Templar x2  
  157  9:31  Gateway x2  
  161  9:35  Archon, High Templar  
  161  9:36  Zealot x3, High Templar  
  171  9:43  Archon  
  171  9:48  Stalker  
  171  9:49  Probe  
  171  9:51  Stalker x2  
  172  9:58  Probe x2  
  172  9:59  Probe  
  171  10:02  Probe  
  172  10:10  Probe, Nexus  
  172  10:11  Pylon  
  173  10:20  Dark Templar x4  
  173  10:30  Archon x2  
  173  10:31  Dark Templar  
  175  10:39  Photon Cannon, Probe x3  
  175  10:40  Photon Cannon  
  175  10:41  Shield Battery  
  175  10:42  Photon Cannon  
  178  10:45  Warp Prism (Chrono Boost)  
  178  10:46  Protoss Ground Weapons Level 3 (Chrono Boost)  
  178  10:52  High Templar  
  178  10:53  High Templar x3  
  180  11:03  High Templar  
  180  11:05  Archon  
  180  11:06  Probe  
  181  11:16  Dark Templar  
  183  11:21  Probe x2  
  183  11:23  Probe x2  
  183  11:24  Probe  
  188  11:28  Zealot x4, High Templar x2  
  188  11:32  Zealot  
  200  11:34  Archon  
  194  11:40  Archon  
  194  11:43  Stalker x5  
  194  11:45  Probe x2  
  165  11:56  High Templar x4  
  165  11:57  Zealot x7  
  165  11:59  Probe x2  
  165  12:01  Assimilator  
  189  12:02  Assimilator  
  189  12:03  Archon x2, Photon Cannon  
  189  12:04  Pylon  
  189  12:06  High Templar x2  
  193  12:20  Zealot x3  
  193  12:21  Observer (Chrono Boost)  
  193  12:22  Pylon  
  200  12:35  Zealot x2  
  200  12:36  Zealot x2  
  200  12:37  Nexus  
  200  12:39  Pylon  
  198  12:50  High Templar x3  
  196  13:00  Archon  
  196  13:01  Zealot x3  
  196  13:02  Zealot x2  
  196  13:09  Stalker x3  
  196  13:11  Protoss Ground Armor Level 1 (Chrono Boost)  
  196  13:16  Stalker x2  
  166  13:30  Zealot x8  
  174  13:37  Stalker x3  
  172  13:43  Dark Templar x2  
  164  13:50  Stalker x5  
  164  13:51  Stalker x3  
  164  14:10  Photon Cannon  
  164  14:12  Photon Cannon  
  164  14:14  Photon Cannon  
  164  14:15  Shield Battery  
  160  14:18  Assimilator  
  160  14:22  Assimilator  
  160  14:23  Stalker x5  
  160  14:24  Stalker x3  
  132  14:58  Probe (Chrono Boost)  
  124  15:07  High Templar x5, Probe (Chrono Boost)  
  124  15:08  High Templar, Stalker x7  
  124  15:11  Archon  
  124  15:12  Archon x2, Probe (Chrono Boost)  
  148  15:18  Observer  
  153  15:21  Void Ray (Chrono Boost)  
  153  15:24  Probe  
  149  15:31  Zealot x7  
  163  15:36  Probe  
  163  15:42  Stalker x6  
  156  15:51  Void Ray (Chrono Boost)  
  126  16:09  Stalker x3  
  126  16:10  Stalker x9  
  146  16:15  Stargate  
  146  16:16  Stargate  
  124  16:27  Void Ray (Chrono Boost)  
  109  16:52  Dark Templar  
  109  16:53  Zealot x2, Dark Templar x6  
  74  17:29  Cybernetics Core  
  71  17:33  Gateway  
  71  17:35  Dark Templar x7, Gateway  
  72  17:45  Archon  
  72  17:46  Observer  
  58  18:05  Probe (Chrono Boost)  
  43  18:09  Dark Templar x3  
Tags
 
Add a new tag
Caveats
  • Supply blocks, unpowered buildings, or Contaminate may cause inaccurate times.
  • Supply counts are checked every 10 seconds.